WCHLSIM.com - West Coast Hockey League
html PUBLIC "-//W3C//DTD XHTML 1.0 Transitional//EN" "http://www.w3.org/TR/xhtml1/DTD/xhtml1-transitional.dtd"> WCHL - Game 325 - BANFF WOLVES vs LAS VEGAS LIZARD KINGS

BANFF WOLVES vs LAS VEGAS LIZARD KINGS

Created - 28 novembre 2023 at 21:58

Goals
1 2 3 T
BANFF WOLVES 0 1 0 1
LAS VEGAS LIZARD KINGS 0 2 1 3
Shots
1 2 3 T
BANFF WOLVES 8 11 4 23
LAS VEGAS LIZARD KINGS 4 8 6 18

1st period

No Goal

Penalties :
Timo Meier (BAN) for Hooking (Minor) at 8:32, Joe Pavelski (LVG) for High sticking (Minor) at 18:01

2nd period

1. LAS VEGAS LIZARD KINGS , Johnny Gaudreau 14 (Joe Pavelski 19, Ryan Nugent-Hopkins 21) at 0:17
2. BANFF WOLVES , Tyler Toffoli 6 (Joel Eriksson Ek 18, Quinton Hughes 15) at 2:56
3. LAS VEGAS LIZARD KINGS , Johnny Gaudreau 15 (Ryan Nugent-Hopkins 22, Joe Pavelski 20) at 12:54

Penalties :
Patrik Nemeth (LVG) for Interference (Minor) at 7:42

3rd period

4. LAS VEGAS LIZARD KINGS , Victor Olofsson 4 (Evan Rodrigues 9, Luke Glendening 3) at 19:35 (Empty Net)

Penalties :
Justin Faulk (BAN) for High sticking (Minor) at 2:21, Mats Zuccarello (BAN) for Hooking (Minor) at 19:40

Goalie Stats

Jordan Binnington (BAN), 15 saves from 17 shots - (0,882), L, 9-4-2, 59:11 minutes
Sergei Bobrovsky (LVG), 22 saves from 23 shots - (0,957), W, 12-4-2, 60:00 minutes

Players Stats for BANFF WOLVES

Player Name              G  A  P  +/- PIM S  H  SB GA TA FO     MP     PP MP  PK MP  
------------------------------------------------------------------------------------
Adam Erne                0  0  0   0  0   0  1  0  0  0  0/0    10:55   0:00   0:00 
Cam Fowler               0  0  0   0  0   1  2  0  0  0  0/0    22:30   1:52   2:31 
Elias Lindholm           0  0  0   0  0   1  4  0  0  0  10/21  19:33   2:06   0:00 
Eric Staal               0  0  0   0  0   0  0  0  0  0  2/5     5:43   0:00   0:00 
Ian Cole                 0  0  0  -2  0   0  1  0  0  0  0/0    16:26   0:00   2:38 
Jason Dickinson          0  0  0   0  0   2  1  0  0  0  0/0    12:32   0:00   1:37 
Joel Eriksson Ek         0  1  1  -2  0   5  1  0  0  0  11/20  21:09   1:52   1:37 
John Tavares             0  0  0   0  0   3  6  0  0  0  0/0    19:33   2:06   0:00 
Jordan Staal             0  0  0   0  0   2  0  0  0  0  9/13   13:35   0:00   2:40 
Justin Faulk             0  0  0   0  2   0  2  0  0  0  0/0    20:45   2:06   1:09 
Logan O'Connor           0  0  0   0  0   0  1  0  0  0  0/0     8:23   0:00   2:40 
Mats Zuccarello          0  0  0   0  2   2  1  0  0  0  0/1    19:18   1:52   0:00 
Matt Luff                0  0  0   0  0   0  0  0  0  0  0/0     5:43   0:00   0:00 
Miro Heiskanen           0  0  0   0  0   2  0  0  0  0  0/0    22:19   1:52   0:37 
Nick Leddy               0  0  0  -2  0   0  2  2  0  0  0/0    15:27   0:00   1:39 
Quinton Hughes           0  1  1   0  0   3  1  0  0  0  0/0    22:32   2:06   0:00 
Timo Meier               0  0  0  -2  2   1  1  0  0  0  0/1    19:45   2:06   0:00 
Tyler Toffoli            1  0  1  -2  0   1  0  0  0  0  0/2    19:32   1:52   0:00 

Players Stats for LAS VEGAS LIZARD KINGS

Player Name              G  A  P  +/- PIM S  H  SB GA TA FO     MP     PP MP  PK MP  
------------------------------------------------------------------------------------
Brandon Hagel            0  0  0  -1  0   0  0  0  0  0  1/2    18:17   1:38   2:31 
Brayden McNabb           0  0  0   1  0   0  0  2  0  0  0/0    21:28   1:35   2:41 
Dmitry Kulikov           0  0  0   0  0   0  0  0  0  0  0/0    20:33   1:35   2:13 
Evan Rodrigues           0  1  1   0  0   1  1  0  0  0  1/1    15:37   0:00   0:54 
Jacob Bryson             0  0  0   1  0   0  2  0  0  0  0/0    17:29   0:27   0:00 
Jeff Carter              0  0  0  -1  0   2  3  0  0  0  7/13   15:46   1:38   0:00 
Joe Pavelski             0  2  2   2  2   3  1  0  0  0  0/0    20:08   2:39   0:33 
John Marino              0  0  0   0  0   0  0  2  0  0  0/0    21:10   2:15   2:10 
Johnny Gaudreau          2  0  2   2  0   4  0  1  0  0  0/3    18:50   2:39   0:00 
Jordan Greenway          0  0  0   0  0   0  0  0  0  0  0/0     7:30   0:00   0:00 
Luke Glendening          0  1  1   1  0   0  0  0  0  0  4/9     8:05   0:00   0:00 
Matt Roy                 0  0  0   1  0   0  2  2  0  0  0/0    19:54   2:42   0:00 
Patrik Nemeth            0  0  0   1  2   0  2  1  0  0  0/0    18:39   0:00   0:52 
Ryan Nugent-Hopkins      0  2  2   2  0   4  2  0  0  0  11/20  20:17   2:39   1:27 
Ty Dellandrea            0  0  0   0  0   0  1  1  0  0  7/15   15:52   0:00   2:31 
Victor Olofsson          1  0  1   1  0   2  0  0  0  0  0/0     9:43   1:38   0:00 
Vladislav Namestnikov    0  0  0   0  0   0  0  1  0  0  0/0    13:21   0:00   0:00 
Zemgus Girgensons        0  0  0   0  0   2  1  0  0  0  0/0    13:21   0:00   0:00 

3 Stars

1 - Johnny Gaudreau (LVG)
2 - Ryan Nugent-Hopkins (LVG)
3 - Victor Olofsson (LVG)

Power Play

BANFF WOLVES - 0 on 2 Attempt(s) - 0,00%
LAS VEGAS LIZARD KINGS - 0 on 3 Attempt(s) - 0,00%

Penalty Kill

BANFF WOLVES - 3 on 3 Attempt(s) - 100,00% - Score 0 goal in Penalty Kill
LAS VEGAS LIZARD KINGS - 2 on 2 Attempt(s) - 100,00% - Score 0 goal in Penalty Kill

Team Stat

BANFF WOLVES - Hits : 24 - Faceoff Wins : 32 - Blocked Shots : 2 - Penalty Minutes : 6
LAS VEGAS LIZARD KINGS - Hits : 15 - Faceoff Wins : 31 - Blocked Shots : 10 - Penalty Minutes : 4

Official

Referees : Corey Syvret and Mike Sheehan
Linesman : Matt Brady and Brian Mach

Game Notes

Victor Olofsson has scored in a empty net!
John Marino is injured at 19:51 of 3rd period (Facial Surgery)

Finance

Level 1 -- Attendance: 4828 (77,00%) -- Ticket Income 1 062 160 $
Level 2 -- Attendance: 3924 (62,09%) -- Ticket Income 588 600 $
Level 3 -- Attendance: 1836 (87,85%) -- Ticket Income 238 680 $
Level 4 -- Attendance: 3308 (76,57%) -- Ticket Income 330 800 $
Luxury Box -- Attendance: 873 (87,30%) -- Ticket Income 349 200 $
Game was played at the Casino Square Garden.
Total Attendance: 14769 (73,85%)
Total Ticket Income: 2 569 440 $
Other Expense: 25 694 $
Total Income: 2 543 746 $

BANFF WOLVES

5 vs 5 Forward 
   Center                   Left Wing                Right Wing               Time % Phy DF OF 
 1 Elias Lindholm           John Tavares             Mats Zuccarello          39     0   2  3  
 2 Joel Eriksson Ek         Timo Meier               Tyler Toffoli            38     0   2  3  
 3 Jordan Staal             Jason Dickinson          Adam Erne                21     0   3  2  
 4 Eric Staal               Matt Luff                Logan O'Connor           2      0   4  1  

5 vs 5 Defense 
   Defense                  Defense                                           Time % Phy DF OF 
 1 Quinton Hughes           Cam Fowler                                        36     0   1  4  
 2 Justin Faulk             Miro Heiskanen                                    31     0   1  4  
 3 Nick Leddy               Ian Cole                                          23     1   3  1  
 4 Miro Heiskanen           Quinton Hughes                                    10     0   0  5  

PowerPlay Forward 
   Center                   Left Wing                Right Wing               Time % Phy DF OF 
 1 Elias Lindholm           John Tavares             Timo Meier               60     0   0  5  
 2 Joel Eriksson Ek         Tyler Toffoli            Mats Zuccarello          40     0   0  5  

PowerPlay Defense
   Defense                  Defense                                           Time % Phy DF OF 
 1 Quinton Hughes           Justin Faulk                                      60     0   0  5  
 2 Cam Fowler               Miro Heiskanen                                    40     0   0  5  

Penalty Kill 4 Players Forward 
   Center                   Wing                     Time % Phy DF OF 
 1 Joel Eriksson Ek         Jason Dickinson          50     0   5  0  
 2 Jordan Staal             Logan O'Connor           50     0   5  0  

Penalty Kill 4 Players Defense
   Defense                  Defense                  Time % Phy DF OF 
 1 Ian Cole                 Justin Faulk             50     0   5  0  
 2 Nick Leddy               Cam Fowler               50     0   5  0  

Penalty Kill - 3 Players Forward 
   Forward                                           Time % Phy DF OF 
 1 Jordan Staal                                      50     0   5  0  
 2 Eric Staal                                        50     0   5  0  

Penalty Kill - 3 Players Defense
   Defense                  Defense                  Time % Phy DF OF 
 1 Justin Faulk             Ian Cole                 50     0   5  0  
 2 Nick Leddy               Cam Fowler               50     0   5  0  

4 vs 4 Forward 
   Center                   Wing                     Time % Phy DF OF 
 1 Joel Eriksson Ek         John Tavares             55     1   2  2  
 2 Elias Lindholm           Mats Zuccarello          45     1   2  2  

4 vs 4 Defense
   Defense                  Defense                  Time % Phy DF OF 
 1 Justin Faulk             Quinton Hughes           55     1   2  2  
 2 Miro Heiskanen           Cam Fowler               45     1   2  2  

Last Minutes Offensive
   Center                   Left Wing                Right Wing               Defense                  Defense                  
   Elias Lindholm           John Tavares             Tyler Toffoli            Miro Heiskanen           Quinton Hughes           

Last Minutes Defensive
   Center                   Left Wing                Right Wing               Defense                  Defense                  
   Joel Eriksson Ek         Jason Dickinson          Mats Zuccarello          Cam Fowler               Ian Cole                 

Goaltenders
Starting : Jordan Binnington        
Backup : Jeremy Swayman           

Extra Forwards
Normal : John Tavares, Mats Zuccarello, Elias Lindholm - PP : Mats Zuccarello, John Tavares - PK : Joel Eriksson Ek
Extra Defensemen
Normal : Quinton Hughes, Miro Heiskanen, Justin Faulk - PP : Quinton Hughes - PK : Cam Fowler, Miro Heiskanen
Penalty Shots
Mats Zuccarello, Elias Lindholm, John Tavares, Tyler Toffoli, Timo Meier
Custom OT Lines Forwards
John Tavares, Mats Zuccarello, Elias Lindholm, Tyler Toffoli, Joel Eriksson Ek, Timo Meier, Jordan Staal, Eric Staal, Jason Dickinson, Logan O'Connor
Custom OT Lines Defensemen
Miro Heiskanen, Quinton Hughes, Justin Faulk, Cam Fowler, Nick Leddy

Scratches
Adam Henrique (Left Hand Injury), Roope Hintz (Sprained Right Finger Injury), Simon Benoit (Healthy)

LAS VEGAS LIZARD KINGS

5 vs 5 Forward 
   Center                   Left Wing                Right Wing               Time % Phy DF OF 
 1 Ryan Nugent-Hopkins      Johnny Gaudreau          Joe Pavelski             37     0   1  4  
 2 Jeff Carter              Brandon Hagel            Evan Rodrigues           30     0   2  3  
 3 Ty Dellandrea            Vladislav Namestnikov    Zemgus Girgensons        23     0   4  1  
 4 Luke Glendening          Jordan Greenway          Victor Olofsson          10     1   3  1  

5 vs 5 Defense 
   Defense                  Defense                                           Time % Phy DF OF 
 1 Brayden McNabb           Matt Roy                                          40     1   2  2  
 2 John Marino              Dmitry Kulikov                                    35     1   2  2  
 3 Patrik Nemeth            Jacob Bryson                                      25     1   3  1  
 4 Brayden McNabb           Matt Roy                                          0      1   2  2  

PowerPlay Forward 
   Center                   Left Wing                Right Wing               Time % Phy DF OF 
 1 Ryan Nugent-Hopkins      Johnny Gaudreau          Joe Pavelski             65     0   0  5  
 2 Jeff Carter              Brandon Hagel            Victor Olofsson          35     0   0  5  

PowerPlay Defense
   Defense                  Defense                                           Time % Phy DF OF 
 1 John Marino              Matt Roy                                          55     0   1  4  
 2 Brayden McNabb           Dmitry Kulikov                                    45     0   1  4  

Penalty Kill 4 Players Forward 
   Center                   Wing                     Time % Phy DF OF 
 1 Ty Dellandrea            Brandon Hagel            55     1   2  2  
 2 Joe Pavelski             Ryan Nugent-Hopkins      45     1   2  2  

Penalty Kill 4 Players Defense
   Defense                  Defense                  Time % Phy DF OF 
 1 Brayden McNabb           John Marino              60     1   2  2  
 2 Patrik Nemeth            Dmitry Kulikov           40     1   2  2  

Penalty Kill - 3 Players Forward 
   Forward                                           Time % Phy DF OF 
 1 Zemgus Girgensons                                 55     1   4  0  
 2 Luke Glendening                                   45     1   4  0  

Penalty Kill - 3 Players Defense
   Defense                  Defense                  Time % Phy DF OF 
 1 Brayden McNabb           John Marino              55     1   4  0  
 2 Patrik Nemeth            Dmitry Kulikov           45     1   4  0  

4 vs 4 Forward 
   Center                   Wing                     Time % Phy DF OF 
 1 Ryan Nugent-Hopkins      Johnny Gaudreau          55     1   2  2  
 2 Jeff Carter              Joe Pavelski             45     1   2  2  

4 vs 4 Defense
   Defense                  Defense                  Time % Phy DF OF 
 1 Brayden McNabb           Matt Roy                 55     1   2  2  
 2 John Marino              Dmitry Kulikov           45     1   2  2  

Last Minutes Offensive
   Center                   Left Wing                Right Wing               Defense                  Defense                  
   Ryan Nugent-Hopkins      Johnny Gaudreau          Joe Pavelski             John Marino              Matt Roy                 

Last Minutes Defensive
   Center                   Left Wing                Right Wing               Defense                  Defense                  
   Ryan Nugent-Hopkins      Vladislav Namestnikov    Joe Pavelski             Brayden McNabb           John Marino              

Goaltenders
Starting : Sergei Bobrovsky         
Backup : Kaapo Kahkonen           

Extra Forwards
Normal : Evan Rodrigues, Victor Olofsson, Joe Pavelski - PP : Brandon Hagel, Ty Dellandrea - PK : Evan Rodrigues
Extra Defensemen
Normal : John Marino, Dmitry Kulikov, Patrik Nemeth - PP : Dmitry Kulikov - PK : Brayden McNabb, John Marino
Penalty Shots
Johnny Gaudreau, Ryan Nugent-Hopkins, Joe Pavelski, Brandon Hagel, Evan Rodrigues
Custom OT Lines Forwards
Johnny Gaudreau, Ryan Nugent-Hopkins, Joe Pavelski, Brandon Hagel, Jeff Carter, Evan Rodrigues, Victor Olofsson, Ty Dellandrea, Vladislav Namestnikov, Jordan Greenway
Custom OT Lines Defensemen
Brayden McNabb, Matt Roy, John Marino, Dmitry Kulikov, Patrik Nemeth

Scratches
None


% Time on Ice - BANFF WOLVES

Lines # - Real PCT - Wanted PCT - Time Play
Normal Forward
1 - 34% - 39% - 17:27
2 - 34% - 38% - 17:40
3 - 21% - 21% - 10:55
4 - 11% - 2% - 5:43
Normal Defense
1 - 35% - 36% - 18:07
2 - 34% - 31% - 17:31
3 - 27% - 23% - 13:48
4 - 4% - 10% - 2:19
PP Forward
1 - 53% - 60% - 2:06
2 - 47% - 40% - 1:52
PP Defense
1 - 53% - 60% - 2:06
2 - 47% - 40% - 1:52
PK Forward
1 - 38% - 50% - 1:37
2 - 62% - 50% - 2:40
PK Defense
1 - 61% - 50% - 2:38
2 - 39% - 50% - 1:39
PK3 Forward
1 - 0% - 50%
2 - 0% - 50%
PK3 Defense
1 - 0% - 50%
2 - 0% - 50%
44 Forward
1 - 0% - 55%
2 - 0% - 45%
44 Defense
1 - 0% - 55%
2 - 0% - 45%
Last Minute Offensive  - 0:00
Last Minute Defensive  - 0:00
Total
Forward - 60:00
Defense - 60:00

% Time on Ice - LAS VEGAS LIZARD KINGS

Lines # - Real PCT - Wanted PCT - Time Play
Normal Forward
1 - 32% - 37% - 16:11
2 - 28% - 30% - 14:08
3 - 26% - 23% - 13:21
4 - 15% - 10% - 7:30
Normal Defense
1 - 34% - 40% - 17:12
2 - 33% - 35% - 16:56
3 - 33% - 25% - 17:02
4 - 0% - 0% - 0:00
PP Forward
1 - 62% - 65% - 2:39
2 - 38% - 35% - 1:38
PP Defense
1 - 63% - 55% - 2:42
2 - 37% - 45% - 1:35
PK Forward
1 - 63% - 55% - 2:31
2 - 37% - 45% - 1:27
PK Defense
1 - 44% - 60% - 1:45
2 - 56% - 40% - 2:13
PK3 Forward
1 - 0% - 55%
2 - 0% - 45%
PK3 Defense
1 - 0% - 55%
2 - 0% - 45%
44 Forward
1 - 0% - 55%
2 - 0% - 45%
44 Defense
1 - 0% - 55%
2 - 0% - 45%
Last Minute Offensive  - 0:00
Last Minute Defensive  - 0:35
Total
Forward - 60:00
Defense - 60:00

Play-by-Play

1st period


0:01 of 1st period - Ryan Nugent-Hopkins wins face-off versus Elias Lindholm in neutral zone.
0:01 of 1st period - Johnny Gaudreau is hit by John Tavares and loses puck.
0:29 of 1st period - Shot by Mats Zuccarello.
0:29 of 1st period - Deflect By John Tavares.
0:29 of 1st period - Shot Misses the Net.
0:31 of 1st period - Shot by Quinton Hughes.
0:31 of 1st period - Stopped by Sergei Bobrovsky without a rebound.
0:32 of 1st period - Jeff Carter wins face-off versus Joel Eriksson Ek in LAS VEGAS LIZARD KINGS zone.
0:32 of 1st period - Brandon Hagel is hit by Joel Eriksson Ek.
1:03 of 1st period - Icing by Jeff Carter.
1:04 of 1st period - Jeff Carter wins face-off versus Jordan Staal in LAS VEGAS LIZARD KINGS zone.
2:12 of 1st period - Shot by Elias Lindholm.
2:12 of 1st period - Shot Misses the Net.
2:24 of 1st period - Shot by Mats Zuccarello.
2:24 of 1st period - Stopped by Sergei Bobrovsky without a rebound.
2:25 of 1st period - Joel Eriksson Ek wins face-off versus Ryan Nugent-Hopkins in LAS VEGAS LIZARD KINGS zone.
2:51 of 1st period - Shot by Tyler Toffoli.
2:51 of 1st period - Shot Misses the Net.
2:53 of 1st period - Shot by Cam Fowler.
2:53 of 1st period - Shot Misses the Net.
2:55 of 1st period - Shot by Joel Eriksson Ek.
2:55 of 1st period - Shot Misses the Net.
2:57 of 1st period - Shot by Joel Eriksson Ek.
2:57 of 1st period - Shot Blocked by Johnny Gaudreau.
2:59 of 1st period - Shot by Quinton Hughes.
2:59 of 1st period - Stopped by Sergei Bobrovsky with a rebound.
3:01 of 1st period - Shot by Quinton Hughes.
3:01 of 1st period - Stopped by Sergei Bobrovsky without a rebound.
3:02 of 1st period - Luke Glendening wins face-off versus Elias Lindholm in LAS VEGAS LIZARD KINGS zone.
3:22 of 1st period - Icing by Miro Heiskanen.
3:23 of 1st period - Elias Lindholm wins face-off versus Ty Dellandrea in BANFF WOLVES zone.
4:20 of 1st period - Shot by Johnny Gaudreau.
4:20 of 1st period - Stopped by Jordan Binnington without a rebound.
4:21 of 1st period - Luke Glendening wins face-off versus Joel Eriksson Ek in BANFF WOLVES zone.
4:42 of 1st period - Shot by Joel Eriksson Ek.
4:42 of 1st period - Shot Misses the Net.
4:44 of 1st period - Shot by Joel Eriksson Ek.
4:44 of 1st period - Shot Misses the Net.
4:46 of 1st period - Shot by Quinton Hughes.
4:46 of 1st period - Shot Misses the Net.
5:17 of 1st period - Icing by Dmitry Kulikov.
5:18 of 1st period - Jordan Staal wins face-off versus Luke Glendening in LAS VEGAS LIZARD KINGS zone.
5:47 of 1st period - Shot by Jason Dickinson.
5:47 of 1st period - Shot Misses the Net.
5:55 of 1st period - Shot by Jason Dickinson.
5:55 of 1st period - Stopped by Sergei Bobrovsky without a rebound.
5:56 of 1st period - Ryan Nugent-Hopkins wins face-off versus Eric Staal in LAS VEGAS LIZARD KINGS zone.
6:10 of 1st period - Icing by Miro Heiskanen.
6:11 of 1st period - Eric Staal wins face-off versus Jeff Carter in BANFF WOLVES zone.
6:17 of 1st period - Shot by Jeff Carter.
6:17 of 1st period - Stopped by Jordan Binnington without a rebound.
6:18 of 1st period - Joel Eriksson Ek wins face-off versus Johnny Gaudreau in BANFF WOLVES zone.
6:41 of 1st period - Shot by Joel Eriksson Ek.
6:41 of 1st period - Shot Blocked by Brayden McNabb.
6:43 of 1st period - Shot by Joel Eriksson Ek.
6:43 of 1st period - Shot Misses the Net.
6:45 of 1st period - Shot by Joel Eriksson Ek.
6:45 of 1st period - Shot Blocked by Matt Roy.
7:07 of 1st period - Icing by Brayden McNabb.
7:08 of 1st period - Ryan Nugent-Hopkins wins face-off versus Elias Lindholm in LAS VEGAS LIZARD KINGS zone.
7:41 of 1st period - Ian Cole is hit by Jeff Carter and loses puck.
8:25 of 1st period - Icing by Jacob Bryson.
8:26 of 1st period - Joel Eriksson Ek wins face-off versus Jeff Carter in LAS VEGAS LIZARD KINGS zone.
8:32 of 1st period - Minor Penalty to Timo Meier for Hooking.
8:33 of 1st period - Jordan Staal wins face-off versus Ryan Nugent-Hopkins in BANFF WOLVES zone.
9:20 of 1st period - Jason Dickinson is hit by Joe Pavelski and loses puck.
10:43 of 1st period - Shot by Mats Zuccarello.
10:43 of 1st period - Shot Misses the Net.
10:45 of 1st period - Shot by Quinton Hughes.
10:45 of 1st period - Shot Misses the Net.
12:03 of 1st period - Shot by Luke Glendening.
12:03 of 1st period - Shot Blocked by Nick Leddy.
13:25 of 1st period - Shot by Elias Lindholm.
13:25 of 1st period - Shot Misses the Net.
13:27 of 1st period - Shot by Miro Heiskanen.
13:27 of 1st period - Stopped by Sergei Bobrovsky without a rebound.
13:28 of 1st period - Jeff Carter wins face-off versus Eric Staal in LAS VEGAS LIZARD KINGS zone.
13:54 of 1st period - Icing by Justin Faulk.
13:55 of 1st period - Eric Staal wins face-off versus Ryan Nugent-Hopkins in BANFF WOLVES zone.
15:03 of 1st period - Shot by Zemgus Girgensons.
15:03 of 1st period - Stopped by Jordan Binnington without a rebound.
15:04 of 1st period - Joel Eriksson Ek wins face-off versus Jeff Carter in BANFF WOLVES zone.
15:19 of 1st period - Off-side.
15:20 of 1st period - Elias Lindholm wins face-off versus Ryan Nugent-Hopkins in neutral zone.
15:29 of 1st period - Shot by John Tavares.
15:29 of 1st period - Stopped by Sergei Bobrovsky without a rebound.
15:30 of 1st period - Joel Eriksson Ek wins face-off versus Ryan Nugent-Hopkins in LAS VEGAS LIZARD KINGS zone.
15:49 of 1st period - Shot by Joe Pavelski.
15:49 of 1st period - Stopped by Jordan Binnington with a rebound.
16:06 of 1st period - Shot by Ryan Nugent-Hopkins.
16:06 of 1st period - Shot Misses the Net.
16:40 of 1st period - Shot by Mats Zuccarello.
16:40 of 1st period - Shot Misses the Net.
16:42 of 1st period - Shot by John Tavares.
16:42 of 1st period - Shot Misses the Net.
17:19 of 1st period - Icing by Zemgus Girgensons.
17:20 of 1st period - Jordan Staal wins face-off versus Ty Dellandrea in LAS VEGAS LIZARD KINGS zone.
18:01 of 1st period - Minor Penalty to Joe Pavelski for High sticking.
18:02 of 1st period - Ty Dellandrea wins face-off versus Timo Meier in LAS VEGAS LIZARD KINGS zone.
19:09 of 1st period - Shot by Tyler Toffoli.
19:09 of 1st period - Shot Blocked by John Marino.
19:11 of 1st period - Shot by Cam Fowler.
19:11 of 1st period - Stopped by Sergei Bobrovsky without a rebound.
19:12 of 1st period - Evan Rodrigues wins face-off versus Tyler Toffoli in LAS VEGAS LIZARD KINGS zone.
19:18 of 1st period - Icing by Cam Fowler.
19:19 of 1st period - Ty Dellandrea wins face-off versus Joel Eriksson Ek in BANFF WOLVES zone.
19:38 of 1st period - Off-side.
19:39 of 1st period - Ty Dellandrea wins face-off versus Elias Lindholm in neutral zone.
Goals for this period are 0 for BANFF WOLVES vs 0 for LAS VEGAS LIZARD KINGS.
Shots for this period are 8 for BANFF WOLVES vs 4 for LAS VEGAS LIZARD KINGS.

2nd period


0:01 of 2nd period - Ryan Nugent-Hopkins wins face-off versus Joel Eriksson Ek in neutral zone.
0:15 of 2nd period - Shot by Johnny Gaudreau.
0:15 of 2nd period - Shot Misses the Net.
0:17 of 2nd period - Shot by Johnny Gaudreau.
0:17 of 2nd period - Goal by Johnny Gaudreau - BANFF WOLVES : 0 - LAS VEGAS LIZARD KINGS : 1.
0:18 of 2nd period - Brandon Hagel wins face-off versus Elias Lindholm in neutral zone.
0:58 of 2nd period - John Tavares is hit by Jeff Carter and loses puck.
1:18 of 2nd period - Icing by Miro Heiskanen.
1:19 of 2nd period - Elias Lindholm wins face-off versus Johnny Gaudreau in BANFF WOLVES zone.
2:04 of 2nd period - Shot by Timo Meier.
2:04 of 2nd period - Deflect By Joel Eriksson Ek.
2:04 of 2nd period - Stopped by Sergei Bobrovsky without a rebound.
2:05 of 2nd period - Jordan Staal wins face-off versus Ty Dellandrea in LAS VEGAS LIZARD KINGS zone.
2:44 of 2nd period - Shot by Jordan Staal.
2:44 of 2nd period - Stopped by Sergei Bobrovsky without a rebound.
2:45 of 2nd period - Joel Eriksson Ek wins face-off versus Brandon Hagel in LAS VEGAS LIZARD KINGS zone.
2:56 of 2nd period - Shot by Tyler Toffoli.
2:56 of 2nd period - Goal by Tyler Toffoli - BANFF WOLVES : 1 - LAS VEGAS LIZARD KINGS : 1.
2:57 of 2nd period - Ryan Nugent-Hopkins wins face-off versus Elias Lindholm in neutral zone.
3:04 of 2nd period - Shot by Mats Zuccarello.
3:04 of 2nd period - Deflect By John Tavares.
3:04 of 2nd period - Shot Misses the Net.
3:27 of 2nd period - Ryan Nugent-Hopkins is hit by John Tavares and loses puck.
3:38 of 2nd period - Shot by Elias Lindholm.
3:38 of 2nd period - Shot Misses the Net.
3:42 of 2nd period - Shot by John Tavares.
3:42 of 2nd period - Shot Blocked by Brayden McNabb.
3:44 of 2nd period - Shot by John Tavares.
3:44 of 2nd period - Deflect By Mats Zuccarello.
3:44 of 2nd period - Stopped by Sergei Bobrovsky without a rebound.
3:45 of 2nd period - Jeff Carter wins face-off versus Joel Eriksson Ek in LAS VEGAS LIZARD KINGS zone.
3:58 of 2nd period - Shot by Evan Rodrigues.
3:58 of 2nd period - Shot Misses the Net.
4:51 of 2nd period - Icing by Zemgus Girgensons.
4:52 of 2nd period - Ty Dellandrea wins face-off versus Elias Lindholm in LAS VEGAS LIZARD KINGS zone.
4:52 of 2nd period - Ty Dellandrea is hit by John Tavares.
5:01 of 2nd period - Icing by Patrik Nemeth.
5:02 of 2nd period - Elias Lindholm wins face-off versus Ty Dellandrea in LAS VEGAS LIZARD KINGS zone.
5:02 of 2nd period - John Tavares is hit by Jacob Bryson and loses puck.
5:05 of 2nd period - Shot by Elias Lindholm.
5:05 of 2nd period - Deflect By John Tavares.
5:05 of 2nd period - Shot Blocked by Ty Dellandrea.
5:07 of 2nd period - Shot by Quinton Hughes.
5:07 of 2nd period - Shot Blocked by Patrik Nemeth.
5:40 of 2nd period - Shot by Elias Lindholm.
5:40 of 2nd period - Stopped by Sergei Bobrovsky without a rebound.
5:41 of 2nd period - Joel Eriksson Ek wins face-off versus Johnny Gaudreau in LAS VEGAS LIZARD KINGS zone.
5:58 of 2nd period - Shot by Ryan Nugent-Hopkins.
5:58 of 2nd period - Shot Misses the Net.
6:52 of 2nd period - Shot by John Tavares.
6:52 of 2nd period - Stopped by Sergei Bobrovsky without a rebound.
6:53 of 2nd period - Jordan Staal wins face-off versus Luke Glendening in LAS VEGAS LIZARD KINGS zone.
7:18 of 2nd period - Shot by Jason Dickinson.
7:18 of 2nd period - Stopped by Sergei Bobrovsky with a rebound.
7:20 of 2nd period - Shot by Adam Erne.
7:20 of 2nd period - Shot Misses the Net.
7:40 of 2nd period - Jacob Bryson is hit by Adam Erne and loses puck.
7:42 of 2nd period - Minor Penalty to Patrik Nemeth for Interference.
7:43 of 2nd period - Elias Lindholm wins face-off versus Ty Dellandrea in LAS VEGAS LIZARD KINGS zone.
7:50 of 2nd period - Shot by Timo Meier.
7:50 of 2nd period - Stopped by Sergei Bobrovsky with a rebound.
8:41 of 2nd period - Shot by Ryan Nugent-Hopkins.
8:41 of 2nd period - Stopped by Jordan Binnington without a rebound.
8:42 of 2nd period - Joel Eriksson Ek wins face-off versus Ty Dellandrea in BANFF WOLVES zone.
8:42 of 2nd period - Joel Eriksson Ek is hit by Ty Dellandrea.
8:48 of 2nd period - Shot by Miro Heiskanen.
8:48 of 2nd period - Stopped by Sergei Bobrovsky with a rebound.
8:50 of 2nd period - Shot by Mats Zuccarello.
8:50 of 2nd period - Deflect By Joel Eriksson Ek.
8:50 of 2nd period - Stopped by Sergei Bobrovsky without a rebound.
8:51 of 2nd period - Ty Dellandrea wins face-off versus Mats Zuccarello in LAS VEGAS LIZARD KINGS zone.
10:15 of 2nd period - Shot by Eric Staal.
10:15 of 2nd period - Shot Misses the Net.
11:06 of 2nd period - Jason Dickinson is hit by Matt Roy and loses puck.
11:17 of 2nd period - Luke Glendening is hit by John Tavares and loses puck.
11:49 of 2nd period - Shot by Elias Lindholm.
11:49 of 2nd period - Shot Misses the Net.
12:09 of 2nd period - Shot by Jeff Carter.
12:09 of 2nd period - Stopped by Jordan Binnington without a rebound.
12:10 of 2nd period - Ryan Nugent-Hopkins wins face-off versus Joel Eriksson Ek in BANFF WOLVES zone.
12:10 of 2nd period - Ryan Nugent-Hopkins is hit by Nick Leddy.
12:14 of 2nd period - Shot by Joe Pavelski.
12:14 of 2nd period - Stopped by Jordan Binnington without a rebound.
12:15 of 2nd period - Ryan Nugent-Hopkins wins face-off versus Tyler Toffoli in BANFF WOLVES zone.
12:26 of 2nd period - Shot by Ryan Nugent-Hopkins.
12:26 of 2nd period - Shot Misses the Net.
12:54 of 2nd period - Shot by Johnny Gaudreau.
12:54 of 2nd period - Goal by Johnny Gaudreau - BANFF WOLVES : 1 - LAS VEGAS LIZARD KINGS : 2.
12:55 of 2nd period - Jeff Carter wins face-off versus Jordan Staal in neutral zone.
13:04 of 2nd period - Shot by Jordan Staal.
13:04 of 2nd period - Shot Misses the Net.
13:06 of 2nd period - Shot by Jason Dickinson.
13:06 of 2nd period - Shot Misses the Net.
13:54 of 2nd period - Shot by John Tavares.
13:54 of 2nd period - Shot Misses the Net.
14:26 of 2nd period - Brayden McNabb is hit by Elias Lindholm and loses puck.
14:49 of 2nd period - Shot by Joe Pavelski.
14:49 of 2nd period - Deflect By Ryan Nugent-Hopkins.
14:49 of 2nd period - Shot Misses the Net.
15:01 of 2nd period - Shot by Joel Eriksson Ek.
15:01 of 2nd period - Shot Blocked by Matt Roy.
16:01 of 2nd period - Shot by Ty Dellandrea.
16:01 of 2nd period - Deflect By Zemgus Girgensons.
16:01 of 2nd period - Stopped by Jordan Binnington without a rebound.
16:02 of 2nd period - Elias Lindholm wins face-off versus Luke Glendening in BANFF WOLVES zone.
16:08 of 2nd period - Icing by John Marino.
16:09 of 2nd period - Elias Lindholm wins face-off versus Luke Glendening in LAS VEGAS LIZARD KINGS zone.
16:10 of 2nd period - Shot by John Tavares.
16:10 of 2nd period - Stopped by Sergei Bobrovsky without a rebound.
16:11 of 2nd period - Ty Dellandrea wins face-off versus Elias Lindholm in LAS VEGAS LIZARD KINGS zone.
16:45 of 2nd period - Patrik Nemeth is hit by Mats Zuccarello and loses puck.
16:54 of 2nd period - Jacob Bryson is hit by Elias Lindholm and loses puck.
18:03 of 2nd period - Shot by Ryan Nugent-Hopkins.
18:03 of 2nd period - Stopped by Jordan Binnington without a rebound.
18:04 of 2nd period - Jordan Staal wins face-off versus Jeff Carter in BANFF WOLVES zone.
18:49 of 2nd period - Shot by Evan Rodrigues.
18:49 of 2nd period - Shot Blocked by Nick Leddy.
18:59 of 2nd period - Shot by Johnny Gaudreau.
18:59 of 2nd period - Shot Misses the Net.
19:06 of 2nd period - Ryan Nugent-Hopkins is hit by Nick Leddy and loses puck.
19:17 of 2nd period - Shot by Ryan Nugent-Hopkins.
19:17 of 2nd period - Stopped by Jordan Binnington without a rebound.
19:18 of 2nd period - Elias Lindholm wins face-off versus Luke Glendening in BANFF WOLVES zone.
19:25 of 2nd period - Shot by John Tavares.
19:25 of 2nd period - Deflect By Elias Lindholm.
19:25 of 2nd period - Shot Blocked by John Marino.
Goals for this period are 1 for BANFF WOLVES vs 2 for LAS VEGAS LIZARD KINGS.
Shots for this period are 11 for BANFF WOLVES vs 8 for LAS VEGAS LIZARD KINGS.

3rd period


0:01 of 3rd period - Joel Eriksson Ek wins face-off versus Ryan Nugent-Hopkins in neutral zone.
0:12 of 3rd period - Shot by Joel Eriksson Ek.
0:12 of 3rd period - Stopped by Sergei Bobrovsky without a rebound.
0:13 of 3rd period - Jeff Carter wins face-off versus Elias Lindholm in LAS VEGAS LIZARD KINGS zone.
0:13 of 3rd period - Jeff Carter is hit by Elias Lindholm.
0:33 of 3rd period - Shot by Evan Rodrigues.
0:33 of 3rd period - Stopped by Jordan Binnington without a rebound.
0:34 of 3rd period - Ryan Nugent-Hopkins wins face-off versus Joel Eriksson Ek in BANFF WOLVES zone.
0:34 of 3rd period - Johnny Gaudreau is hit by Cam Fowler and loses puck.
0:39 of 3rd period - Shot by Ryan Nugent-Hopkins.
0:39 of 3rd period - Stopped by Jordan Binnington with a rebound.
0:41 of 3rd period - Shot by Joe Pavelski.
0:41 of 3rd period - Shot Misses the Net.
1:25 of 3rd period - Johnny Gaudreau is hit by Quinton Hughes and loses puck.
1:48 of 3rd period - Mats Zuccarello is hit by Jeff Carter and loses puck.
2:06 of 3rd period - Evan Rodrigues is hit by Justin Faulk and loses puck.
2:21 of 3rd period - Minor Penalty to Justin Faulk for High sticking.
2:22 of 3rd period - Ryan Nugent-Hopkins wins face-off versus Jordan Staal in BANFF WOLVES zone.
2:57 of 3rd period - Nick Leddy is hit by Ryan Nugent-Hopkins and loses puck.
3:38 of 3rd period - Icing by Jeff Carter.
3:39 of 3rd period - Jeff Carter wins face-off versus Jordan Staal in LAS VEGAS LIZARD KINGS zone.
3:39 of 3rd period - Jeff Carter is hit by Logan O'Connor.
4:18 of 3rd period - Shot by Ryan Nugent-Hopkins.
4:18 of 3rd period - Deflect By Joe Pavelski.
4:18 of 3rd period - Shot Misses the Net.
4:36 of 3rd period - Ty Dellandrea is hit by Elias Lindholm and loses puck.
5:05 of 3rd period - Shot by Elias Lindholm.
5:05 of 3rd period - Shot Blocked by Vladislav Namestnikov.
5:49 of 3rd period - Joel Eriksson Ek is hit by Patrik Nemeth and loses puck.
7:48 of 3rd period - Eric Staal is hit by Matt Roy and loses puck.
7:52 of 3rd period - Icing by Matt Roy.
7:53 of 3rd period - Ryan Nugent-Hopkins wins face-off versus Joel Eriksson Ek in LAS VEGAS LIZARD KINGS zone.
7:53 of 3rd period - Johnny Gaudreau is hit by Timo Meier and loses puck.
8:22 of 3rd period - Shot by Tyler Toffoli.
8:22 of 3rd period - Deflect By Joel Eriksson Ek.
8:22 of 3rd period - Stopped by Sergei Bobrovsky with a rebound.
8:30 of 3rd period - Shot by Jeff Carter.
8:30 of 3rd period - Shot Misses the Net.
9:01 of 3rd period - Icing by Tyler Toffoli.
9:02 of 3rd period - Luke Glendening wins face-off versus Joel Eriksson Ek in BANFF WOLVES zone.
9:30 of 3rd period - Victor Olofsson is hit by Justin Faulk and loses puck.
10:05 of 3rd period - Nick Leddy is hit by Ryan Nugent-Hopkins.
10:33 of 3rd period - Shot by Mats Zuccarello.
10:33 of 3rd period - Deflect By John Tavares.
10:33 of 3rd period - Shot Misses the Net.
11:19 of 3rd period - Shot by Jason Dickinson.
11:19 of 3rd period - Shot Misses the Net.
12:01 of 3rd period - Nick Leddy is hit by Evan Rodrigues.
12:33 of 3rd period - Brandon Hagel is hit by Cam Fowler.
12:56 of 3rd period - Brandon Hagel is hit by John Tavares and loses puck.
14:34 of 3rd period - Shot by Jordan Staal.
14:34 of 3rd period - Stopped by Sergei Bobrovsky without a rebound.
14:35 of 3rd period - Ryan Nugent-Hopkins wins face-off versus Eric Staal in LAS VEGAS LIZARD KINGS zone.
14:58 of 3rd period - Shot by Johnny Gaudreau.
14:58 of 3rd period - Stopped by Jordan Binnington without a rebound.
14:59 of 3rd period - Luke Glendening wins face-off versus Elias Lindholm in BANFF WOLVES zone.
15:14 of 3rd period - Shot by Jordan Greenway.
15:14 of 3rd period - Deflect By Victor Olofsson.
15:14 of 3rd period - Stopped by Jordan Binnington without a rebound.
15:15 of 3rd period - Joel Eriksson Ek wins face-off versus Ryan Nugent-Hopkins in BANFF WOLVES zone.
15:38 of 3rd period - Shot by Joel Eriksson Ek.
15:38 of 3rd period - Stopped by Sergei Bobrovsky without a rebound.
15:39 of 3rd period - Elias Lindholm wins face-off versus Ty Dellandrea in LAS VEGAS LIZARD KINGS zone.
15:43 of 3rd period - John Tavares is hit by Jacob Bryson and loses puck.
16:02 of 3rd period - Shot by Mats Zuccarello.
16:02 of 3rd period - Shot Misses the Net.
16:04 of 3rd period - Shot by Cam Fowler.
16:04 of 3rd period - Shot Misses the Net.
16:06 of 3rd period - Shot by Cam Fowler.
16:06 of 3rd period - Shot Misses the Net.
16:11 of 3rd period - Icing by Jacob Bryson.
16:12 of 3rd period - Joel Eriksson Ek wins face-off versus Ty Dellandrea in LAS VEGAS LIZARD KINGS zone.
17:03 of 3rd period - Icing by Patrik Nemeth.
17:04 of 3rd period - Ty Dellandrea wins face-off versus Elias Lindholm in LAS VEGAS LIZARD KINGS zone.
17:11 of 3rd period - Mats Zuccarello is hit by Zemgus Girgensons and loses puck.
17:23 of 3rd period - Elias Lindholm is hit by Patrik Nemeth and loses puck.
17:28 of 3rd period - Shot by Mats Zuccarello.
17:28 of 3rd period - Shot Misses the Net.
17:48 of 3rd period - Patrik Nemeth is hit by John Tavares and loses puck.
18:02 of 3rd period - Off-side.
18:03 of 3rd period - Jordan Staal wins face-off versus Ryan Nugent-Hopkins in neutral zone.
18:18 of 3rd period - Shot by Johnny Gaudreau.
18:18 of 3rd period - Shot Misses the Net.
18:20 of 3rd period - Shot by Ryan Nugent-Hopkins.
18:20 of 3rd period - Shot Misses the Net.
18:34 of 3rd period - Shot by Joe Pavelski.
18:34 of 3rd period - Stopped by Jordan Binnington with a rebound.
18:46 of 3rd period - BANFF WOLVES, Jordan Binnington is pulled from the net.
19:28 of 3rd period - Luke Glendening is hit by Ian Cole and loses puck.
19:35 of 3rd period - Shot by Victor Olofsson.
19:35 of 3rd period - Goal by Victor Olofsson - BANFF WOLVES : 1 - LAS VEGAS LIZARD KINGS : 3.
19:35 of 3rd period - Jordan Binnington from BANFF WOLVES was sent back in the game.
19:36 of 3rd period - Elias Lindholm wins face-off versus Jeff Carter in neutral zone.
19:40 of 3rd period - Minor Penalty to Mats Zuccarello for Hooking.
19:41 of 3rd period - Jordan Staal wins face-off versus Jeff Carter in BANFF WOLVES zone.
19:50 of 3rd period - John Marino is hit by Jason Dickinson and loses puck.
19:51 of 3rd period - John Marino from LAS VEGAS LIZARD KINGS is injured at 19:51 of 3rd period (Facial Surgery).
19:52 of 3rd period - Jordan Staal wins face-off versus Ryan Nugent-Hopkins in LAS VEGAS LIZARD KINGS zone.
Goals for this period are 0 for BANFF WOLVES vs 1 for LAS VEGAS LIZARD KINGS.
Shots for this period are 4 for BANFF WOLVES vs 6 for LAS VEGAS LIZARD KINGS.


BRANDON
CARLO
STEVEN
STAMKOS
DAVID
KREJCI

EAST COAST

HOCKEY LEAGUE